 Dungeon Crawl Stone Soup version 0.29-a0-789-g7a8fcbc185 (webtiles) character file.

Game seed: 14526841791564080642

24 polve the Cutter (level 2, -1/24 HPs)
             Began as a Demonspawn Abyssal Knight on July 2, 2022.
             Was a Believer of Lugonu.
             Slain by a crimson imp (3 damage)
             ... summoned by Natasha
             ... on level 2 of the Dungeon.
             The game lasted 00:00:59 (1442 turns).

polve the Cutter (Demonspawn Abyssal Knight)        Turns: 1442, Time: 00:00:59

Health: -1/24      AC:  3    Str: 13    XL:     2   Next: 79%
Magic:  3/3        EV: 13    Int: 11    God:    Lugonu [**....]
Gold:   36         SH:  0    Dex: 13    Spells: 1/1 levels left

rFire   . . .      SeeInvis .   a - +1 short sword
rCold   . . .      Faith    .   (no shield)
rNeg    . . .      Spirit   .   b - +0 leather armour
rPois   .          Reflect  .   (no helmet)
rElec   .          Harm     .   (no cloak)
rCorr   .          Rampage  .   (no gloves)
Will    .....                   (no boots)
Stlth   +.........              (no amulet)
HPRegen 0.08/turn               (no ring)
MPRegen 0.08/turn               (no ring)

@: no status effects
A: repulsion field 1
a: Renounce Religion, Depart the Abyss, Bend Space


You were on level 2 of the Dungeon.
You worshipped Lugonu.
Lugonu was pleased with you.
You visited 1 branch of the dungeon, and saw 2 of its levels.
You visited the Abyss 1 time.

You collected 36 gold pieces.

Inventory:

Hand Weapons
 a - a +1 short sword (weapon)
Armour
 b - a +0 leather armour (worn)
 e - a +0 helmet
 h - a +0 pair of boots
Scrolls
 c - 2 scrolls of magic mapping {unknown}
 d - a scroll of enchant armour {unknown}
 f - a scroll of amnesia {unknown}
 i - a scroll of poison {unknown}
Potions
 g - a potion of curing {unknown}


   Skills:
 - Level 3.0 Fighting
 + Level 3.1 Short Blades
 - Level 1.7 Armour
 - Level 0.8 Dodging
 - Level 2.4 Invocations


You had one spell level left.
You didn't know any spells.
Your spell library contained the following spells:

 Spells                   Type           Power      Damage    Failure   Level
 Summon Small Mammal      Summ           0%         N/A       41%         1
 Call Canine Familiar     Summ           0%         N/A       80%         3
 Summon Guardian Golem    Hex/Summ       0%         N/A       80%         3


Dungeon Overview and Level Annotations

Branches:
Dungeon (2/15)

Altars:

Shops:
D:1 (

Annotations:
D:2 Natasha


Innate Abilities, Weirdness & Mutations

You are surrounded by a mild repulsion field. (EV +2)


Message History

Natasha barely misses you.
You hit Natasha but do no damage.
Natasha is severely wounded.
Natasha claws you.
You are too injured to fight recklessly!
You are too injured to fight recklessly!
You are too injured to fight recklessly!
You are too injured to fight recklessly!
You are too injured to fight recklessly!
You barely miss Natasha.
Natasha is severely wounded.
Natasha casts a spell.
You hit Natasha but do no damage.
Natasha is severely wounded.
Natasha claws you.
You closely miss Natasha.
Natasha is severely wounded.
Natasha claws you.
You hit Natasha.
Natasha is almost dead.
The crimson imp hits you. Natasha claws you.
* * * LOW HITPOINT WARNING * * *
You closely miss Natasha.
Natasha is almost dead.
The crimson imp hits you.
* * * LOW HITPOINT WARNING * * *
Natasha misses you.
You hit Natasha.
Natasha is almost dead.
The crimson imp hits you but does no damage.
Natasha misses you.
You closely miss Natasha.
Natasha is almost dead.
The crimson imp closely misses you.
You hit Natasha but do no damage.
Natasha is almost dead.
Natasha claws you.
* * * LOW HITPOINT WARNING * * *
The crimson imp hits you.
You die...

.........#.......###.#.#
.###..........#......# #
..............#..###.#
.........#.#.##..# #.#
..##.....#.#.##†.###.#
.....................#
.....##..#.#.##..#####
.... ...#........# ...
#...###.##.@.# ..
........##.h5# ..
....... # ###.#.### ..
.. ... .## ### .# .#


You could see Natasha and a crimson imp (summoned).

Vanquished Creatures
  3 endoplasms
  2 giant cockroaches (D:1)
  2 goblins (D:1)
  3 hobgoblins
  A kobold (D:1)
  A quokka (D:1)
  6 ball pythons
  2 frilled lizards (D:1)
  2 rats
22 creatures vanquished.

Notes
Turn   | Place    | Note
-------+----------+-------------------------------------------
     0 | Abyss:1  | polve the Demonspawn Abyssal Knight began the quest for the
                  | Orb.
     0 | Abyss:1  | Reached XP level 1. HP: 18/18 MP: 2/2
    25 | Abyss:1  | Noticed an angel
    86 | Abyss:2  | Noticed a raiju
    86 | D:1      | Escaped the Abyss
   226 | D:1      | Reached ** piety under Lugonu
   233 | D:1      | Gained mutation: You are surrounded by a mild repulsion
                  | field. (EV +2) [demonic ancestry]
   233 | D:1      | Reached XP level 2. HP: 18/24 MP: 3/3
   340 | D:1      | Found Cemell's Weapon Shoppe.
  1429 | D:2      | Noticed Natasha
  1436 | D:2      | Noticed a crimson imp
  1442 | D:2      | Slain by a crimson imp

Illustrated notes

Levels and vault maps discovered:
D:1:      erik_arrival_orb_chamber, layout_loops_corners, serial_shops,
          nicolae_shop_trees, wad_floor_pattern_1
D:2:      layout_basic, basic_altar, uniq_natasha

Skill      XL: |  1  2 |
---------------+-------+-----
Short Blades   | 2 3 |  3.1
Fighting       | |  3.0
Armour         | |  1.7
Dodging        | |  0.8
Invocations    | |  2.4

Action                   || total
-------------------------++-------
Melee: Short sword       ||    75
Invok: Depart the Abyss  ||     1
 Stab: Sleeping          ||     2
Armor: Leather armour    ||    11
Dodge: Dodged            ||    36

Table legend: (Time is in decaauts)
 A = Elapsed time spent in this place.
 B = Non-inter-level travel time spent in this place.
 C = Inter-level travel time spent in this place.
 D = Time resting spent in this place.
 E = Time spent auto-exploring this place.
 F = Levels seen in this place.
 G = Mean time per level.
                   A        B        C        D        E       F      G
               +--------+--------+--------+--------+--------+-----+--------+
         Total |   1439 |   1435 |      4 |      0 |   1260 |   4 |  359.8 |
       Dungeon |   1353 |   1349 |      4 |      0 |   1187 |   2 |  676.5 |
         Abyss |     85 |     85 |      0 |      0 |     73 |   2 |   42.5 |
               +--------+--------+--------+--------+--------+-----+--------+

Top non-repeatable levels by time:
     D:1: 1145 daAuts
     D:2: 207 daAuts
 Abyss:2: 49 daAuts
 Abyss:1: 36 daAuts
